Map: Central Protocol

Players

PiLiPiLi

  • Race: Protoss Protoss
  • League: Grandmaster

OffSet - Winner!

  • Race: Zerg Zerg
  • League: Grandmaster

VOD

Have the link to the VOD?

Description

Time

  • Played on: March 7, 2016, 9:08 p.m.
  • Length: 4:44
Show
View Real Time Build Order
Export as new Build Order

PiLiPiLi Protoss 

Build Orders: 1 Gate Expand 

Get SALT Encoding   

  12  0:01  Probe (Chrono Boost)  
  13  0:11  Probe (Chrono Boost)  
  14  0:20  Pylon  
  14  0:22  Probe (Chrono Boost)  
  15  0:39  Probe (Chrono Boost)  
  15  0:40  Gateway  
  16  0:44  Assimilator  
  16  0:49  Probe (Chrono Boost)  
  17  1:00  Probe (Chrono Boost)  
  18  1:10  Probe (Chrono Boost)  
  19  1:20  Nexus  
  19  1:23  Probe (Chrono Boost)  
  20  1:32  Cybernetics Core  
  20  1:36  Probe (Chrono Boost)  
  21  1:41  Assimilator  
  21  1:47  Probe (Chrono Boost)  
  22  1:53  Pylon  
  22  1:57  Probe (Chrono Boost)  
  23  2:08  Warp Gate (Chrono Boost)  
  23  2:11  Probe  
  23  2:12  Stalker (Chrono Boost)  
  26  2:25  Mothership Core  
  28  2:32  Probe  
  29  2:38  Adept (Chrono Boost)  
  29  2:42  Probe  
  32  2:45  Gateway  
  32  2:46  Probe  
  33  2:53  Gateway, Probe  
  33  2:58  Probe  
  34  3:03  Probe  
  37  3:06  Adept  
  37  3:10  Probe  
  38  3:14  Pylon, Probe  
  39  3:22  Probe  
  39  3:24  Probe  
  41  3:34  Probe  
  41  3:35  Probe  
  41  3:38  Gateway  
  43  3:42  Sentry (Chrono Boost)  
  43  3:47  Probe  
  43  3:48  Probe  
  47  3:54  Stargate  
  47  3:55  Stargate  
  47  3:59  Probe  
  47  4:00  Probe  
  49  4:06  Pylon  
  49  4:13  Pylon x2  
  49  4:16  Pylon, Probe  
  36  4:19  Probe  
  36  4:22  Sentry  
  36  4:25  Adept x2  
  36  4:28  Probe  
  41  4:35  Pylon  
Show
View Real Time Build Order
Export as new Build Order

OffSet Zerg - Winner!

Build Orders: Hatch First 

Get SALT Encoding   

  12  0:02  Drone  
  13  0:08  Drone  
  14  0:21  Extractor  
  14  0:22  Extractor, Drone  
  14  0:23  Drone  
  14  0:28  Overlord  
  16  0:53  Hatchery  
  16  0:56  Drone  
  16  0:57  Drone  
  17  1:10  Extractor  
  16  1:12  Spawning Pool  
  16  1:14  Drone  
  16  1:19  Drone  
  16  1:22  Drone  
  18  1:29  Drone  
  19  1:41  Overlord  
  19  1:51  Drone  
  20  1:59  Queen  
  22  2:05  Queen  
  22  2:06  Zergling x2  
  25  2:16  Drone  
  25  2:18  Zergling x4  
  28  2:29  Metabolic Boost  
  28  2:35  Overlord  
  28  2:37  Zergling x4  
  28  2:40  Zergling x2  
  31  2:46  Zergling x2  
  31  2:48  Zergling x2  
  33  2:59  Zergling x4  
  33  3:05  Zergling x2  
  36  3:10  Zergling x2  
  37  3:14  Zergling x8  
  37  3:16  Evolution Chamber  
  37  3:18  Zergling x4  
  37  3:19  Zergling x2  
  43  3:22  Zergling x2  
  43  3:30  Overlord  
  43  3:43  Zergling x2  
  41  3:49  Zergling x10  
  41  3:50  Zergling x4  
  41  3:51  Zergling x2  
  48  3:57  Drone  
  46  4:03  Drone  
  45  4:12  Zergling x4  
  42  4:24  Drone  
  42  4:25  Drone x6  
  42  4:27  Drone  
Tags
 
Add a new tag
Caveats
  • Supply blocks, unpowered buildings, or Contaminate may cause inaccurate times.
  • Supply counts are checked every 10 seconds.